Map: Acid Plant LE

Players

PtitDrogo

  • Race: Protoss Protoss
  • Spawn Location: 5:00

Elazer - Winner!

  • Race: Zerg Zerg
  • League: Grandmaster
  • Spawn Location: 11:00

Event: HomeStory Cup XVII

VOD

Have the link to the VOD?

Description

Time

  • Played on: June 29, 2018, 7:40 a.m.
  • Length: 10:09

All games in this series

Show
View Real Time Build Order
Export as new Build Order

PtitDrogo Protoss 

Build Orders: 1 Gate Expand, Oracle Opening, Phoenix Opening, Archon Immortal, Zealot Archon, Archon Drop 

Get SALT Encoding   

  12  0:00  Probe  
  13  0:13  Probe  
  14  0:20  Pylon  
  14  0:25  Probe  
  15  0:35  Probe  
  16  0:43  Probe  
  16  0:46  Gateway  
  16  0:48  Assimilator  
  17  0:53  Probe  
  18  1:05  Probe  
  19  1:17  Probe  
  20  1:24  Nexus  
  20  1:34  Cybernetics Core  
  20  1:38  Probe  
  21  1:44  Assimilator  
  21  1:50  Probe  
  21  1:53  Pylon  
  22  2:02  Adept, Probe  
  23  2:14  Probe  
  26  2:19  Stargate  
  26  2:26  Probe  
  26  2:27  Warp Gate  
  27  2:30  Adept  
  27  2:32  Probe  
  27  2:34  Probe  
  30  2:40  Probe  
  30  2:42  Probe  
  32  2:50  Probe  
  33  2:53  Probe  
  33  2:57  Phoenix  
  35  3:02  Probe  
  35  3:05  Probe  
  39  3:10  Pylon  
  39  3:14  Probe  
  39  3:17  Probe  
  39  3:18  Oracle  
  41  3:23  Assimilator  
  41  3:26  Assimilator, Probe  
  45  3:35  Robotics Facility  
  45  3:36  Probe  
  45  3:38  Probe  
  47  3:48  Probe  
  47  3:50  Probe  
  47  3:51  Twilight Council  
  47  3:54  Pylon  
  49  4:00  Probe  
  51  4:02  Probe  
  51  4:08  Gateway  
  51  4:09  Gateway  
  51  4:11  Gateway  
  51  4:13  Probe  
  51  4:14  Warp Prism  
  52  4:26  Probe  
  52  4:27  Probe  
  52  4:30  Templar Archives  
  56  4:36  Zealot  
  58  4:44  Pylon  
  58  4:54  Nexus  
  58  4:57  Pylon  
  58  5:10  High Templar x4, Forge, Pylon  
  58  5:11  Probe x2  
  68  5:15  Archon x2, Observer  
  68  5:22  Protoss Ground Weapons Level 1  
  68  5:23  Probe x2, Charge  
  71  5:34  Gateway, Shield Battery  
  71  5:35  Gateway, Probe  
  71  5:37  Immortal  
  72  5:48  Probe  
  73  5:50  Probe  
  74  5:59  Gateway  
  74  6:00  Probe  
  74  6:02  Gateway, Probe  
  76  6:10  Probe  
  77  6:12  Probe  
  77  6:14  Probe  
  79  6:22  Probe  
  79  6:24  Probe  
  81  6:26  Immortal, Probe  
  81  6:28  Assimilator  
  81  6:29  Assimilator  
  86  6:33  Pylon  
  86  6:34  Psionic Storm  
  86  6:35  Probe, Pylon  
  86  6:36  Probe  
  86  6:38  Probe  
  86  6:47  Probe  
  86  6:48  Probe  
  86  6:50  Probe  
  88  6:59  Probe  
  88  7:00  Probe  
  90  7:03  Probe  
  90  7:05  High Templar  
  90  7:06  High Templar x3  
  90  7:07  Photon Cannon  
  99  7:11  Probe  
  99  7:13  Protoss Ground Weapons Level 2  
  100  7:17  Immortal  
  100  7:19  Robotics Facility  
  100  7:20  Pylon  
  104  7:29  Photon Cannon  
  103  7:31  Photon Cannon, Zealot  
  105  7:41  Probe x2  
  105  7:43  Zealot x4, Pylon  
  115  7:49  Pylon  
  115  7:57  Immortal  
  119  8:01  Pylon  
  119  8:03  Pylon x2  
  119  8:04  Photon Cannon  
  119  8:07  Immortal  
  119  8:08  Dark Shrine  
  123  8:14  Zealot x2  
  123  8:15  Zealot x2  
  131  8:27  Zealot x2  
  125  8:30  Pylon  
  125  8:32  Immortal, Pylon  
  127  8:37  Immortal  
  127  8:40  Zealot x6  
  143  8:52  Archon  
  125  9:00  Zealot x5  
  89  9:11  High Templar x2  
  89  9:12  Zealot  
  89  9:13  Immortal  
  99  9:18  Photon Cannon  
  99  9:22  High Templar  
  99  9:23  Stalker x2  
  97  9:31  Zealot x2  
  97  9:35  Zealot  
  103  9:44  Dark Templar x2  
  93  10:02  Zealot x6  
Show
View Real Time Build Order
Export as new Build Order

Elazer Zerg - Winner!

Build Orders: Hatch First, Lurkers, Roach Hydra 

Get SALT Encoding   

  12  0:00  Drone  
  13  0:13  Overlord  
  13  0:16  Drone  
  14  0:31  Drone x2  
  16  0:48  Hatchery  
  15  0:51  Drone  
  15  0:55  Drone  
  17  0:58  Drone  
  18  1:09  Extractor  
  17  1:13  Spawning Pool  
  17  1:17  Drone  
  17  1:20  Drone  
  18  1:29  Drone  
  19  1:40  Drone  
  20  1:50  Overlord  
  20  2:00  Queen x2, Zergling x2  
  25  2:01  Zergling x2  
  26  2:12  Drone  
  26  2:13  Metabolic Boost, Drone  
  28  2:23  Drone x2  
  30  2:32  Drone  
  30  2:33  Drone  
  32  2:43  Hatchery  
  31  2:45  Queen  
  31  2:50  Overlord  
  33  2:53  Drone  
  33  2:55  Drone  
  33  2:58  Drone  
  36  3:10  Drone  
  36  3:11  Zergling x2  
  36  3:12  Drone x2  
  40  3:13  Drone x2  
  40  3:15  Overlord  
  42  3:23  Queen  
  42  3:25  Overlord  
  44  3:33  Drone x2  
  46  3:34  Drone  
  46  3:39  Drone x2  
  46  3:40  Drone  
  50  3:47  Spore Crawler  
  49  3:48  Drone  
  49  3:51  Drone  
  49  3:55  Overlord  
  51  3:56  Drone x4  
  51  4:01  Spore Crawler  
  54  4:03  Queen  
  54  4:05  Spore Crawler  
  54  4:07  Drone x2  
  54  4:08  Drone  
  58  4:15  Drone  
  59  4:18  Drone x2  
  59  4:21  Drone  
  61  4:26  Lair  
  61  4:28  Overlord  
  61  4:29  Drone x2  
  63  4:33  Extractor  
  63  4:34  Roach Warren, Drone x2  
  63  4:35  Extractor  
  63  4:36  Drone  
  63  4:40  Overlord  
  63  4:41  Drone  
  63  4:47  Drone x3  
  63  4:48  Drone x2  
  63  4:52  Overlord  
  68  5:00  Overlord  
  68  5:08  Evolution Chamber, Extractor  
  68  5:09  Extractor  
  68  5:14  Roach x7  
  79  5:17  Roach x4  
  79  5:18  Overlord  
  79  5:19  Drone x2  
  89  5:24  Drone  
  89  5:26  Overlord  
  89  5:27  Glial Reconstitution  
  90  5:29  Overlord  
  90  5:39  Drone x5  
  90  5:42  Drone  
  96  5:48  Drone x6  
  96  5:49  Zerg Missile Weapons Level 1  
  102  5:51  Overseer  
  102  5:53  Overlord, Hydralisk Den  
  101  6:00  Extractor  
  101  6:01  Drone x3  
  103  6:06  Overlord  
  103  6:11  Overlord  
  103  6:14  Overlord  
  103  6:16  Overlord  
  103  6:17  Roach x2  
  107  6:18  Hatchery  
  107  6:24  Muscular Augments  
  106  6:26  Lurker Den  
  106  6:30  Hydralisk  
  106  6:31  Roach, Hydralisk x2  
  113  6:35  Hydralisk x2  
  117  6:45  Hydralisk  
  117  6:51  Drone x3  
  116  6:55  Hydralisk x7  
  116  6:58  Overlord  
  130  7:04  Extractor  
  130  7:05  Hydralisk x3  
  135  7:10  Overlord x2  
  134  7:15  Hydralisk  
  134  7:20  Hydralisk x4  
  144  7:29  Overlord x2  
  144  7:31  Hydralisk x3  
  144  7:32  Zergling x4  
  152  7:38  Grooved Spines  
  152  7:40  Zergling x12  
  158  7:48  Zergling x2  
  158  7:49  Zergling x10  
  158  7:51  Overseer  
  162  7:56  Lurker x2  
  162  7:57  Lurker  
  165  8:01  Lurker  
  165  8:02  Zergling x2  
  165  8:03  Zergling x18  
  176  8:09  Lurker  
  176  8:10  Lurker  
  176  8:11  Zergling x2  
  176  8:12  Zergling x8  
  178  8:26  Lurker x3  
  178  8:28  Zergling x12  
  184  8:40  Hydralisk x5  
  183  8:47  Zergling x4  
  184  8:50  Overlord x2  
  170  8:56  Hydralisk x6  
  170  8:57  Zergling x8  
  169  9:03  Hydralisk x2  
  169  9:07  Hydralisk  
  169  9:08  Hydralisk  
  161  9:12  Hydralisk  
  161  9:13  Hydralisk x2  
  161  9:15  Zergling x2  
  168  9:22  Zergling x10  
  173  9:25  Lurker x2  
  173  9:36  Hydralisk  
  166  9:41  Hydralisk  
  166  9:42  Hydralisk x5  
  166  9:45  Zergling x12  
Tags
 
Add a new tag
Caveats
  • Supply blocks, unpowered buildings, or Contaminate may cause inaccurate times.
  • Supply counts are checked every 10 seconds.